AoeStats
← JamesNewstedd

Arena

509954825Analyzed
4v4 RM · 3d ago on Sep 28, 2026· 64m 45s· 8 players
Game mode
Random Map
Map size
Large (8 player)
Population
200
Speed
Normal
Resources
Standard
Victory
Conquest
Starting age
Dark Age
Ending age
Imperial Age
RankedLock teamsTeams togetherTeam positionsShared explorationLock speedFull tech treeHidden civsTurbo modeCheats
Victory
Defeat
🇩🇪 Danes · Germany
1637
+7
🇩🇪 Saracens · Germany
1506
+12
🇩🇪 Saxons · Germany
1503
+12
🇩🇪 Franks · Germany
1429
+14
🇨🇳 Franks · China
1490
-14
🇨🇳 Spanish · China
1441
-12
🇨🇭 Berbers · Switzerland
1391
-10
🇨🇳 Cumans · China
1334
-9
杜迪
11:26 Feudal Age
15:58 Castle Age
15:17 Double-Bit Axe
17:07 Bow Saw
18:04 Fletching
18:01 Loom
19:36 Padded Archer Armor
21:29 Bloodlines
21:19 Husbandry
22:26 Leather Archer Armor
31:54 Imperial Age
29:42 Stone Mining
33:39 Ring Archer Armor
33:45 Wheelbarrow
34:55 Gold Mining
34:56 Elite Conquistador
35:56 Conscription
37:59 Stone Shaft Mining
37:21 Horse Collar
38:44 Two-Man Saw
38:00 Hand Cart
43:04 Supremacy
42:24 Capped Ram
44:26 Chemistry
45:39 Bombard Tower
45:40 Siege Ram
47:50 Masonry
49:25 Light Cavalry
51:00 Scale Barding Armor
51:05 Forging
52:31 Architecture
56:36 Chain Barding Armor
56:51 Iron Casting
班长
10:11 Feudal Age
12:09 Scale Mail Armor
12:48 Forging
13:21 Loom
13:09 Man-at-Arms
20:21 Double-Bit Axe
20:29 Horse Collar
28:14 Castle Age
28:28 Wheelbarrow
28:54 Gold Mining
29:43 Bow Saw
29:35 Heavy Plow
32:59 Gold Shaft Mining
36:02 Imperial Age
33:47 Bloodlines
33:47 Scale Barding Armor
35:07 Chain Barding Armor
35:28 Iron Casting
36:38 Elite Steppe Lancer
38:23 Plate Barding Armor
40:23 Chemistry
46:38 Light Cavalry
49:39 Hussar
51:38 Conscription
51:25 Steppe Husbandry
53:56 Murder Holes
55:56 Masonry
57:00 Squires
56:21 Pikeman
56:46 Arson
57:26 Stone Mining
Prostate Exam Cameraman
10:41 Feudal Age
14:43 Castle Age
12:35 Horse Collar
12:56 Double-Bit Axe
16:03 Loom
19:40 Wheelbarrow
24:15 Bow Saw
24:48 Heavy Plow
31:07 Imperial Age
28:59 Fletching
29:40 Gold Mining
29:41 Stone Mining
29:53 Bodkin Arrow
30:20 Ballistics
30:42 Padded Archer Armor
31:16 Kasbah
32:18 Bracer
32:33 Leather Archer Armor
33:22 Chemistry
31:46 Elite Camel Archer
32:45 Bloodlines
32:36 Husbandry
33:04 Thumb Ring
33:50 Conscription
33:06 Light Cavalry
34:04 Maghrebi Camels
34:40 Hand Cart
35:51 Ring Archer Armor
35:27 Scale Barding Armor
35:32 Forging
37:10 Hussar
40:38 Chain Barding Armor
40:54 Iron Casting
46:20 Scale Mail Armor
46:56 Plate Barding Armor
47:23 Blast Furnace
55:50 Town Watch
梅子雨
10:46 Feudal Age
14:25 Castle Age
12:25 Double-Bit Axe
15:52 Bow Saw
22:00 Wheelbarrow
24:18 Gold Mining
24:18 Stone Mining
25:53 Gold Shaft Mining
25:55 Loom
27:23 Hand Cart
30:03 Imperial Age
27:46 Scale Barding Armor
27:52 Forging
27:45 Husbandry
28:58 Chain Barding Armor
30:35 Iron Casting
30:49 Chivalry
31:10 Conscription
30:12 Cavalier
31:46 Plate Barding Armor
31:21 Paladin
33:06 Blast Furnace
36:00 Coinage
40:08 Banking
41:18 Scale Mail Armor
42:24 Pikeman
43:04 Squires
42:50 Arson
43:25 Chain Mail Armor
43:05 Halberdier
44:43 Plate Mail Armor
49:04 Light Cavalry
JamesNewstedd
8:16 Feudal Age
8:16 Loom
8:59 Double-Bit Axe
9:55 Horse Collar
18:40 Castle Age
18:35 Wheelbarrow
17:54 Stone Mining
19:54 Bow Saw
21:20 Heavy Plow
27:07 Caravan
27:29 Gold Mining
32:33 Imperial Age
30:19 Hand Cart
29:50 Town Watch
30:28 Scale Barding Armor
31:28 Masonry
31:31 Fortified Wall
31:57 Chain Barding Armor
31:47 Forging
32:58 Heavy Camel Rider
33:39 Husbandry
33:49 Bloodlines
33:00 Light Cavalry
34:17 Plate Barding Armor
34:17 Iron Casting
35:35 Two-Man Saw
35:36 Gold Shaft Mining
35:29 Conscription
35:45 Hoardings
36:20 Chemistry
35:40 Ballistics
36:59 Fletching
38:10 Blast Furnace
39:03 Siege Engineers
38:44 Arrowslits
39:18 Elite Mameluke
40:42 Hussar
43:00 Bodkin Arrow
45:16 Bracer
45:16 Padded Archer Armor
45:19 Scale Mail Armor
48:40 Coinage
52:21 Guard Tower
52:43 Clinker Construction
54:35 Keep
54:02 Murder Holes
55:48 Banking
60:42 Spies/Treason
105er.DarkSheep
11:20 Feudal Age
14:55 Castle Age
12:52 Double-Bit Axe
16:14 Bow Saw
17:13 Loom
20:21 Wheelbarrow
21:49 Hand Cart
23:02 Gold Mining
24:05 Scale Barding Armor
24:43 Forging
26:41 Chain Barding Armor
26:30 Husbandry
28:21 Gold Shaft Mining
27:36 Stone Mining
29:04 Iron Casting
33:06 Imperial Age
31:57 Masonry
33:07 Cavalier
34:28 Plate Barding Armor
34:54 Blast Furnace
34:39 Fortified Wall
35:00 Architecture
35:29 Paladin
36:16 Fletching
40:57 Caravan
42:18 Herbal Medicine
42:44 Town Watch
43:15 Bodkin Arrow
43:43 Conscription
44:39 Coinage
46:24 Chemistry
46:23 Ballistics
46:20 Elite Throwing Axeman
47:40 Hoardings
47:13 Scale Mail Armor
48:04 Banking
48:28 Padded Archer Armor
49:36 Leather Archer Armor
51:43 Siege Engineers
52:19 Light Cavalry
60:40 Chain Mail Armor
60:07 Treadmill Crane
59:53 Ordonnance Companies
60:33 Chivalry
61:18 Spies/Treason
63:01 Plate Mail Armor
62:28 Murder Holes
62:24 Guard Tower
62:19 Arrowslits
62:03 Pikeman
62:43 Squires
63:15 Halberdier
63:41 Arson
63:42 Man-at-Arms
64:07 Gambesons
65:13 Fervor
65:19 Block Printing
Ned Stark's Bastard
10:17 Feudal Age
11:09 Loom
14:07 Castle Age
12:11 Double-Bit Axe
13:18 Stone Mining
13:24 Horse Collar
15:40 Bow Saw
17:49 Gold Mining
18:54 Fletching
25:55 Imperial Age
24:02 Squires
24:52 Gold Shaft Mining
24:55 Heavy Plow
25:18 Pikeman
27:19 Bodkin Arrow
34:57 Wheelbarrow
37:59 Scale Mail Armor
38:09 Forging
41:53 Arson
43:52 Hand Cart
43:24 Town Watch
46:01 Chain Mail Armor
46:21 Iron Casting
45:53 Halberdier
49:02 Plate Mail Armor
51:56 Capped Ram
57:27 Elite Varangian Guard
57:55 Gambesons
58:09 Siege Ram
Scol1ng
10:59 Feudal Age
15:05 Castle Age
12:51 Double-Bit Axe
14:22 Loom
14:19 Horse Collar
18:46 Wheelbarrow
24:36 Gold Mining
25:26 Bow Saw
29:56 Imperial Age
28:10 Gold Shaft Mining
27:38 Heavy Plow
29:01 Hand Cart
28:56 Stone Mining
30:17 Onager
31:04 Siege Engineers
31:59 Chemistry
32:03 Siege Onager
32:18 Northmen's Fury
33:19 Conscription
34:10 Scale Mail Armor
35:44 Chain Mail Armor
35:39 Forging
36:27 Masonry
37:11 Plate Mail Armor
36:47 Pikeman
37:27 Squires
38:04 Iron Casting
38:09 Stone Shaft Mining
37:35 Halberdier
40:16 Arson
42:05 Blast Furnace
42:41 Caravan
44:06 Capped Ram
48:13 Siege Ram
60:00 Hamask
Connection lost

Rejoining the realm…

Still unreachable

The connection could not be restored.

Session expired

The server has moved on; the page needs a fresh start.